 Dungeon Crawl Stone Soup version 0.24-a0-459-g225fefd530 (webtiles) character file.

Game seed: 15119714925421189123

55535 Inarius the Slicer (level 14, -3/106 HPs)
             Began as a Demonspawn Hunter on June 30, 2019.
             Was the Champion of Okawaru.
             Slain by Donald
             ... wielding a +3 eveningstar of holy wrath
              (29 damage)
             ... on level 1 of the Orcish Mines.
             The game lasted 00:51:32 (26339 turns).

Inarius the Slicer (Demonspawn Hunter)             Turns: 26339, Time: 00:51:33

Health: -3/106     AC: 20    Str: 18    XL:     14   Next: 38%
Magic:  20/20      EV: 11    Int: 16    God:    Okawaru [******]
Gold:   1250       SH: 21    Dex: 14    Spells: 13/13 levels left

rFire    . . .     SeeInvis +   a - +1 short sword (venom)
rCold    . . .     Gourm    .   v - +2 shield
rNeg     . . .     Faith    .   w - +9 scale mail of Divine Intervention {rCorr Int+4}
rPois    .         Spirit   .   (helmet unavailable)
rElec    .         Reflect  .   t - +1 cloak
rCorr    +         Harm     .   l - +0 pair of gloves
MR       ++...                  (no boots)
Stlth    ++++++....             (no amulet)
HPRegen  0.27/turn              L - ring of see invisible
MPRegen  0.17/turn              n - ring of protection from magic

@: no status effects
A: horns 3, large bone plates 3, nightstalker 3, powered by death 2
a: Heroism, Finesse, Renounce Religion


You were on level 1 of the Orcish Mines.
You worshipped Okawaru.
Okawaru was exalted by your worship.
You were not hungry.

You visited 3 branches of the dungeon, and saw 20 of its levels.

You collected 1587 gold pieces.
You spent 337 gold pieces at shops.

Inventory:

Hand Weapons
 a - a +1 short sword of venom (weapon)
 b - a +0 demon blade of electrocution
 x - a +2 whip of flaming
 S - a +4 short sword
Missiles
 q - 11 javelins
 N - 6 silver javelins
 U - 4 silver boomerangs (quivered)
Armour
 h - a +0 chain mail of poison resistance
 l - a +0 pair of gloves (worn)
 t - a +1 cloak (worn)
 v - a +2 shield (worn)
 w - the +9 scale mail of Divine Intervention (worn) {rCorr Int+4}
   (Okawaru gifted it to you on level 3 of the Lair of Beasts)

   It affects your intelligence (+4).
   It provides partial protection from all sources of acid and corrosion.
Jewellery
 n - a ring of protection from magic (right hand)
 L - a ring of see invisible (left hand)
 P - an uncursed ring of ice
 R - an uncursed ring of protection from fire
Wands
 c - a wand of flame (35)
 j - a wand of enslavement (2)
 s - a wand of digging (6)
 F - a wand of paralysis (3)
 O - a wand of acid (3)
 T - a wand of scattershot (7)
Scrolls
 d - 6 scrolls of amnesia
 i - a scroll of vulnerability {unknown}
 k - 7 scrolls of enchant weapon
 o - 3 scrolls of remove curse
 p - 3 scrolls of teleportation
 r - 5 scrolls of immolation
 y - 3 scrolls of enchant armour {unknown}
 B - 2 scrolls of fog
 G - 3 scrolls of silence {unknown}
 K - a scroll of noise
Potions
 e - 3 potions of haste
 g - a potion of mutation {unknown}
 m - a potion of degeneration {unknown}
 u - a potion of lignification
 z - 5 potions of curing
 A - 2 potions of brilliance
 E - 2 potions of might
 H - 2 potions of ambrosia {unknown}
 J - a potion of resistance
 M - 2 potions of heal wounds
 Q - a potion of flight
 V - a potion of agility
 W - a potion of cancellation {unknown}
 X - a potion of magic {unknown}
Comestibles
 f - 29 rations
 C - a chunk of flesh


   Skills:
 * Level 8.3 Fighting
 * Level 11.3(11.4) Short Blades
 - Level 2.3(7.6) Long Blades
 - Level 3.1 Maces & Flails
 + Level 4.4 Throwing
 + Level 8.2 Armour
 + Level 5.5 Dodging
 * Level 10.0 Stealth
 + Level 9.3 Shields
 * Level 8.5 Invocations
 + Level 8.0 Evocations


You had 13 spell levels left.
You didn't know any spells.
Your spell library contained the following spells:

 Spells                   Type           Power        Failure   Level  Hunger
 Flame Tongue             Conj/Fire      #....        80%         1    ##.....
 Magic Dart               Conj           #...         80%         1    ##.....
 Searing Ray              Conj           #.....       91%         2    ###....
 Throw Flame              Conj/Fire      #.....       91%         2    ###....
 Conjure Flame            Conj/Fire      #.......     99%         3    ####...
 Dazzling Spray           Conj/Hex       #.....       99%         3    ####...
 Inner Flame              Hex/Fire       #.......     99%         3    ####...
 Force Lance              Conj/Tloc      #.......     100%        4    #####..
 Fulminant Prism          Conj/Hex       #.........   100%        4    #####..
 Iskenderun's Mystic Bla  Conj           #.......     100%        4    #####..
 Sticky Flame             Conj/Fire      #.......     100%        4    #####..
 Fireball                 Conj/Fire      #.........   100%        5    ######.


Dungeon Overview and Level Annotations

Branches:
Dungeon (12/15)            Temple (0/1) D:4            Lair (6/6) D:10
 Shoals (0/4) Lair:3        Snake (0/4) Lair:2        Slime (0/5) Lair:5
    Orc (2/2) D:12
    Elf: Orc:2

Altars:
Elyvilon
Fedhas
Hepliaklqana
Kikubaaqudgha
Okawaru
Qazlal
Sif Muna
Trog
Vehumet
Wu Jian
Xom
Beogh

Shops:
D:4 *   D:6 ((:   Orc:1 (

Annotations:
D:6 3 runed translucent doors
D:8 2 transporters
Lair:6 1 runed translucent door, Voker57's ghost, journeyman DsMo
Orc:1 2 transporters, Donald; Usoqaidd's ghost, journeyman MiMo


Innate Abilities, Weirdness & Mutations

You have a pair of large horns on your head.
You are completely covered in large bone plates. (SH +8)
You are completely attuned to the shadows.
You regenerate health from kills.


Message History

Unknown command.
You hit Donald but do no damage. You headbutt Donald.
Donald is heavily wounded.
Donald hits Donald with a +3 eveningstar of holy wrath!
Donald hits you with a +3 eveningstar of holy wrath!
You convulse.
Unknown command.
Unknown command.
Unknown command.
Donald blocks your attack.
You headbutt Donald!
Donald is almost dead.
Unknown command.
Unknown command.
Unknown command.
You barely miss Donald.
Donald is almost dead.
Donald hits you with a +3 eveningstar of holy wrath!!
* * * LOW HITPOINT WARNING * * *
You convulse!!
You die...

..# ###..)...))..#...## .##
##.##.#).....##.#.## .##
#...###.....)#.....# ..###
#......#...........#
.##.#######..............#..##
.....#.#.#..................##
.......................>.....#
......................#..>...#
#.......##......@.........#.##
##..............@@...........#
......#...................#.##
......#......................#
............................##
.........#..................##
...................>.........#
.........[[[[...............##
.........[>[.................#


You could see Donald and the friendly Donald.

Vanquished Creatures
  Kirke (Lair:4)
  Josephine (Lair:6)
  Snorg (Lair:3)
  Fannar (Lair:1)
  Erolcha (D:10)
  3 hydras
  Erica (Lair:1)
  A two-headed ogre (D:10)
  4 death yaks
  An orc high priest (Orc:1)
  Urug (D:11)
  Sonja (D:10)
  2 orc knights
  Pikel (D:5)
  An orc sorcerer (Orc:1)
  4 black mambas
  9 elephants
  A centaur skeleton (D:11)
  Joseph (Lair:1)
  11 spiny frogs
  2 gargoyles
  An efreet (D:10)
  A rime drake (Lair:5)
  6 trolls
  3 komodo dragons
  6 hornets (Lair:6)
  2 polar bears
  Grinder (D:4)
  19 blink frogs
  A dream sheep (Lair:6)
  A meliai zombie (D:12)
  13 hippogriffs
  15 spriggans (Lair:6)
  4 wyverns
  2 basilisks
  5 wraiths (Lair:6)
  A shadow (D:11)
  26 yaks
  Eustachio (D:4)
  A steam dragon (D:11)
  Grum (D:8)
  3 hogs (Lair:5)
  A hungry ghost (D:11)
  Menkaure (D:5)
  2 wargs (Orc:1)
  A soldier ant (D:11)
  10 porcupines
  15 water moccasins
  A sky beast (D:9)
  11 orc warriors
  4 black bears (Lair:6)
  2 phantoms
  3 ice beasts
  An eye of draining (D:10)
  3 boggarts (Lair:6)
  8 centaurs
  A necrophage (D:6)
  13 ogres
  29 wolves
  6 crocodiles
  2 big kobolds
  13 bullfrogs
  3 killer bees (D:8)
  5 wights (D:7)
  3 howler monkeys
  6 crimson imps
  A quasit (D:9)
  A centaur zombie (D:8)
  3 jellies
  3 bullfrog skeletons (D:6)
  8 hounds
  Crazy Yiuf (D:4)
  A gnoll shaman (D:5)
  12 orc priests
  Jessica (D:3)
  An iguana (D:11)
  Ijyb (D:3)
  Terence (D:3)
  Natasha (twice) (D:4)
  19 orc wizards
  7 worker ants
  A killer bee zombie (D:6)
  4 hound skeletons
  Robin (D:3)
  2 howler monkey zombies (D:9)
  4 gnolls (D:2)
  8 adders
  2 shadow imps
  A white imp (D:11)
  An ooze (D:1)
  3 adder skeletons
  A worm (D:3)
  4 dart slugs
  6 leopard geckos
  46 orcs
  6 giant cockroaches
  12 goblins
  9 hobgoblins
  10 jackals
  5 quokkas
  2 ball pythons (D:3)
  10 bats
  8 frilled lizards
  A jackal skeleton (D:5)
  15 kobolds
  A leopard gecko zombie (D:7)
  7 rats
538 creatures vanquished.

Vanquished Creatures (collateral kills)
  A blink frog (Lair:6)
  An orc wizard (Orc:2)
2 creatures vanquished.

Vanquished Creatures (others)
  A polar bear (Lair:6)
  2 humans (Lair:4)
  An orc warrior (Orc:2)
  2 wolves (Lair:6)
  A hound (D:5)
  2 adders (D:5)
  A quokka (D:7)
  17 fungi
  9 plants
36 creatures vanquished.

Grand Total: 576 creatures vanquished

Notes
Turn   | Place    | Note
-------+----------+-------------------------------------------
     0 | D:1      | Inarius the Demonspawn Hunter began the quest for the Orb.
     0 | D:1      | Reached XP level 1. HP: 16/16 MP: 1/1
   271 | D:1      | Gained mutation: You have a pair of small horns on your
                  | head. [demonic ancestry]
   271 | D:1      | Reached XP level 2. HP: 12/22 MP: 2/2
   728 | D:1      | Reached skill level 1 in Armour
   764 | D:1      | Gained mutation: You are partially covered in large bone
                  | plates. (SH +4) [demonic ancestry]
   764 | D:1      | Reached XP level 3. HP: 23/27 MP: 3/3
  1381 | D:2      | Reached skill level 1 in Short Blades
  1411 | D:2      | Gained mutation: You have a pair of horns on your head.
                  | [demonic ancestry]
  1411 | D:2      | Reached XP level 4. HP: 33/33 MP: 4/4
  1717 | D:2      | Found an iron altar of Okawaru.
  1725 | D:2      | Became a worshipper of Warmaster Okawaru
  1856 | D:2      | Found a radiant altar of Vehumet.
  2118 | D:2      | Found an ancient bone altar of Kikubaaqudgha.
  2349 | D:3      | Found a hazy altar of Hepliaklqana.
  2479 | D:3      | Reached skill level 2 in Short Blades
  2562 | D:3      | Noticed Ijyb
  2575 | D:3      | Killed Ijyb
  2575 | D:3      | Reached XP level 5. HP: 38/39 MP: 5/5
  2612 | D:3      | Noticed Robin
  2638 | D:3      | Killed Robin
  2728 | D:3      | Reached skill level 1 in Maces & Flails
  3095 | D:3      | Found a shimmering altar of Xom.
  3099 | D:3      | Noticed Terence
  3100 | D:3      | Noticed Jessica
  3111 | D:3      | Killed Terence
  3119 | D:3      | Killed Jessica
  3470 | D:4      | Reached skill level 1 in Invocations
  3470 | D:4      | Reached XP level 6. HP: 46/46 MP: 6/6
  3499 | D:4      | Reached skill level 1 in Evocations
  3907 | D:4      | Reached * piety under Okawaru
  4158 | D:4      | Gained mutation: You are slightly more attuned to the
                  | shadows. [demonic ancestry]
  4158 | D:4      | Reached XP level 7. HP: 52/52 MP: 8/8
  4185 | D:4      | Found Ownomp's Serpentskin Sales.
  4413 | D:4      | Bought a +0 chain mail of poison resistance for 85 gold
                  | pieces
  4476 | D:4      | Noticed Eustachio
  4559 | D:4      | Killed Eustachio
  4822 | D:4      | Found a staircase to the Ecumenical Temple.
  4945 | D:4      | Noticed Natasha
  4953 | D:4      | Killed Natasha
  4979 | D:4      | Noticed Natasha
  4992 | D:4      | Killed Natasha
  4992 | D:4      | Reached ** piety under Okawaru
  5125 | D:4      | Found an ornate altar of the Wu Jian Council.
  5139 | D:4      | Noticed Grinder
  5170 | D:5      | Entered Level 5 of the Dungeon
  5379 | D:4      | Found a runed translucent door.
  5380 | D:4      | Noticed Crazy Yiuf
  5393 | D:4      | Killed Crazy Yiuf
  5594 | D:4      | Killed Grinder
  5594 | D:4      | Reached skill level 1 in Long Blades
  5594 | D:4      | Reached skill level 1 in Shields
  5594 | D:4      | Gained mutation: You are significantly more attuned to the
                  | shadows. [demonic ancestry]
  5594 | D:4      | Reached XP level 8. HP: 58/58 MP: 9/11
  5663 | D:5      | Noticed Pikel
  5705 | D:5      | Killed Pikel
  5705 | D:5      | Reached *** piety under Okawaru
  5705 | D:5      | Reached skill level 3 in Short Blades
  5705 | D:5      | Reached skill level 1 in Stealth
  6393 | D:5      | Noticed Menkaure
  6402 | D:5      | Killed Menkaure
  6402 | D:5      | Gained mutation: You are mostly covered in large bone
                  | plates. (SH +6) [demonic ancestry]
  6402 | D:5      | Reached XP level 9. HP: 64/65 MP: 9/12
  6604 | D:5      | Found a white marble altar of Elyvilon.
  6934 | D:6      | Found Soif Pucw's Antique Weapon Emporium.
  6973 | D:6      | Reached skill level 4 in Short Blades
  7041 | D:6      | Found a runed translucent gate.
  7041 | D:6      | Found a runed translucent gate.
  7041 | D:6      | Found a runed translucent gate.
  7201 | D:6      | Found Cuqoggau's Book Shop.
  7345 | D:6      | Found a blossoming altar of Fedhas.
  7475 | D:6      | Found Riest's Antique Weapon Emporium.
  7821 | D:7      | Reached **** piety under Okawaru
  7845 | D:7      | Reached skill level 5 in Short Blades
  8247 | D:7      | Reached skill level 5 in Armour
  8522 | D:6      | Bought a blackened scimitar for 252 gold pieces
  8522 | D:6      | Identified the +6 scimitar of Mana {slice, rN+ Int-5 Dex+3}
                  | (You bought it in a shop on level 6 of the Dungeon)
  8741 | D:8      | Found a shimmering altar of Xom.
  8825 | D:8      | Found a transporter.
  8829 | D:8      | Found a transporter.
  9059 | D:8      | Reached skill level 5 in Evocations
  9187 | D:8      | Found a deep blue altar of Sif Muna.
  9216 | D:8      | Noticed Grum
  9239 | D:8      | Killed Grum
  9243 | D:8      | Gained mutation: You are completely covered in large bone
                  | plates. (SH +8) [demonic ancestry]
  9243 | D:8      | Reached XP level 10. HP: 47/72 MP: 11/13
  9798 | D:9      | Reached skill level 6 in Short Blades
 10066 | D:9      | Found a bloodstained altar of Trog.
 10111 | D:9      | Reached ***** piety under Okawaru
 10235 | D:9      | Found a stormy altar of Qazlal.
 10491 | D:10     | Entered Level 10 of the Dungeon
 10520 | D:10     | Noticed Sonja
 10524 | D:10     | Killed Sonja
 10524 | D:10     | Reached skill level 5 in Stealth
 10532 | D:10     | Noticed a death yak
 10538 | D:10     | Noticed a death yak
 10548 | D:10     | Noticed a death yak
 10548 | D:10     | Noticed a death yak
 10550 | D:10     | Noticed a death yak
 10560 | D:10     | Killed a death yak
 10602 | D:9      | Killed a death yak
 10602 | D:9      | Received a gift from Okawaru
 10840 | D:10     | Found a staircase to the Lair.
 11092 | D:10     | Killed a death yak
 11092 | D:10     | Reached skill level 7 in Short Blades
 11104 | D:9      | HP: 2/73 [death yak (11)]
 11497 | D:10     | Noticed a two-headed ogre
 11497 | D:10     | Noticed Erolcha
 11514 | D:10     | Killed a two-headed ogre
 11514 | D:10     | Gained mutation: You have a pair of large horns on your
                  | head. [demonic ancestry]
 11514 | D:10     | Reached XP level 11. HP: 56/78 MP: 15/15
 11658 | D:10     | Killed a death yak
 11658 | D:10     | Reached skill level 5 in Shields
 11943 | D:10     | Killed Erolcha
 11943 | D:10     | Received a gift from Okawaru
 11943 | D:10     | Reached skill level 5 in Fighting
 12771 | D:10     | Noticed an orc knight
 12777 | D:10     | Killed an orc knight
 12922 | D:11     | Reached skill level 8 in Short Blades
 13503 | D:11     | Noticed Urug
 13510 | D:11     | Killed Urug
 13958 | D:11     | Got a fine robe
 13969 | D:11     | Identified the cursed +0 robe "Zuimaqir" {rF+} (You found
                  | it on level 11 of the Dungeon)
 14165 | Lair:1   | Entered Level 1 of the Lair of Beasts
 14740 | Lair:1   | Noticed Erica
 14764 | Lair:1   | Killed Erica
 14764 | Lair:1   | Gained mutation: You are completely attuned to the shadows.
                  | [demonic ancestry]
 14764 | Lair:1   | Reached XP level 12. HP: 57/86 MP: 15/17
 14771 | Lair:1   | Reached skill level 9 in Short Blades
 14931 | Lair:1   | Noticed Fannar
 14948 | Lair:1   | Killed Fannar
 14948 | Lair:1   | Received a gift from Okawaru
 14952 | Lair:1   | Got a steaming broad axe {god gift}
 14953 | Lair:1   | Identified the +0 broad axe of the Blind Eye {chop, Int+2}
                  | (Okawaru gifted it to you on level 1 of the Lair of Beasts)
 15059 | Lair:1   | Noticed Joseph
 15064 | Lair:1   | Killed Joseph
 17177 | Lair:2   | Found a staircase to the Snake Pit.
 17662 | Lair:3   | Noticed Snorg
 17669 | Lair:3   | Killed Snorg
 17669 | Lair:3   | Received a gift from Okawaru
 17672 | Lair:3   | Got a translucent scale mail {god gift}
 17706 | Lair:3   | Identified the +9 scale mail of Divine Intervention {rCorr
                  | Int+4} (Okawaru gifted it to you on level 3 of the Lair of
                  | Beasts)
 17885 | Lair:3   | Reached skill level 5 in Invocations
 18032 | Lair:3   | Noticed a four-headed hydra
 18045 | Lair:3   | Killed a four-headed hydra
 18110 | Lair:3   | Found a staircase to the Shoals.
 19107 | Lair:4   | Noticed Kirke
 19372 | Lair:5   | Gained mutation: You regenerate a little health from kills.
                  | [demonic ancestry]
 19372 | Lair:5   | Reached XP level 13. HP: 94/94 MP: 19/19
 19395 | Lair:4   | Killed Kirke
 19656 | Lair:4   | Reached skill level 10 in Short Blades
 20384 | Lair:4   | Received a gift from Okawaru
 21307 | Lair:5   | Received a gift from Okawaru
 21820 | Lair:5   | Found a staircase to the Slime Pits.
 22169 | Lair:6   | Entered Level 6 of the Lair of Beasts
 22254 | Lair:6   | Found a runed translucent door.
 22255 | Lair:6   | Found a shimmering altar of Xom.
 22255 | Lair:6   | Noticed Voker57's ghost (journeyman DsMo)
 22369 | Lair:6   | Noticed Josephine
 22404 | Lair:6   | Killed Josephine
 22443 | Lair:6   | Reached skill level 5 in Dodging
 22773 | Lair:6   | Reached ****** piety under Okawaru
 22919 | Lair:6   | Received a gift from Okawaru
 23618 | Lair:6   | Gained mutation: You regenerate health from kills. [demonic
                  | ancestry]
 23618 | Lair:6   | Reached XP level 14. HP: 98/104 MP: 20/20
 23644 | Lair:6   | Reached skill level 11 in Short Blades
 23846 | Lair:6   | Got a wavering zirconium amulet
 23849 | Lair:6   | Identified the amulet "Akkiukol" {RegenMP +Blink Str+6
                  | Slay-5 SInv} (You found it on level 6 of the Lair of
                  | Beasts)
 24479 | D:12     | Found a staircase to the Orcish Mines.
 24512 | D:12     | Found a roughly hewn altar of Beogh.
 24547 | Orc:1    | Entered Level 1 of the Orcish Mines
 24832 | Orc:1    | Received a gift from Okawaru
 24930 | Orc:1    | Found a transporter.
 24963 | Orc:1    | Found Quggarr's Antique Weapon Emporium.
 25159 | Orc:1    | Found a transporter.
 25165 | Orc:1    | Noticed Usoqaidd's ghost (journeyman MiMo)
 25170 | Orc:1    | Identified the +8 eveningstar "Gaptoy" {elec, rPois Stlth+}
 25350 | Orc:2    | Entered Level 2 of the Orcish Mines
 25702 | Orc:1    | Received a gift from Okawaru
 25843 | Orc:1    | Reached skill level 10 in Stealth
 25985 | Orc:2    | Noticed Donald
 26339 | Orc:1    | Slain by Donald

Levels and vault maps discovered:
D:1:      roderic_dead_forest, layout_basic
D:2:      layout_loops_ring, fiery_altar_vehumet, okawaru_altar_gauntlet_db,
          kiku_gazebo_pond_becter, serial_rivers,
          chequers_serial_rivers_micro_c, chequers_serial_rivers_room_b,
          chequers_serial_rivers_micro_a, chequers_serial_rivers_marsh
D:3:      minmay_general_purpose_star, layout_loops_ring,
          overflow_temple_1_default, brannock_xom_greatest_gift, uniq_terence,
          uniq_robin, uniq_jessica, uniq_ijyb
D:4:      layout_basic, nicolae_overflow_hidden_temple,
          minmay_temple_entry_tees, guppyfry_shop_venom, uniq_grinder,
          uniq_natasha, uniq_eustachio, uniq_crazy_yiuf_cottage
D:5:      layout_basic, kennysheep_little_box, first_ration,
          chequers_serial_rivers_large_b, wad_rectangle_vault, uniq_pikel,
          uniq_menkaure
D:6:      layout_cave_pools, old_standard_altar, gammafunk_ghost_necromancy,
          serial_shops, shop, nicolae_shop_behind_doors, nicolae_shop_trees
D:7:      layout_loops_cross, grunt_ogre_cave
D:8:      gammafunk_jiyva_shrine, layout_rooms, lemuel_round_altar,
          serial_corexii_hall, chequers_hall_statues_wall_a,
          corexii_hall_statues_l, corexii_hall_statues_s,
          chequers_hall_statues_y, led_sif_book, uniq_grum
D:9:      layout_grid_maze, bloody_trog, nicolae_qazlal_general_emergency
D:10:     minmay_cornered_nines, layout_loops_cross, dpeg_lair_monsters,
          minmay_shattered_shrine, uniq_erolcha, uniq_sonja
D:11:     layout_roguey, minmay_fire_ice_demons, uniq_urug
D:12:     layout_big_octagon, minmay_orc_entry_temple_small, serial_shops, shop,
          roderic_batcave, chequers_serial_rivers_micro_b, lemuel_freeze_loot_1
Lair:1:   layout_layer_cave, uniq_fannar, uniq_joseph, uniq_erica
Lair:2:   layout_cave_shapes, dummy_snake_entry
Lair:3:   layout_regular_city, elwin_shoals_entry_rooms, grunt_megastairs_3,
          uniq_snorg
Lair:4:   layout_long_grid, serial_forest, infiniplex_forest_clump_small,
          infiniplex_forest_clump_diagonal, infiniplex_forest_end_1,
          infiniplex_forest_straight_2, infiniplex_forest_join,
          infiniplex_forest_clump_medium, infiniplex_forest_corner_2,
          infiniplex_forest_end_2, infiniplex_forest_clump_small,
          serial_bayou_shore_b, grunt_megastairs_4, uniq_kirke
Lair:5:   layout_loops_ring, dpeg_slime_entry_corner
Lair:6:   minmay_lair_end_enchanted_forest, layout_gridlike, ebering_ghost_xom,
          uniq_josephine
Orc:1:    layout_caves, gammafunk_ghost_wrathful_warriors, serial_shops,
          nicolae_shop_waterfront
Orc:2:    st_orc_elflike, layout_diamond_mine, uniq_donald, uniq_nessos,
          uniq_azrael, uniq_rupert

Skill      XL: |  1  2  3  4  5  6  7  8  9 10 11 12 13 14 |
---------------+-------------------------------------------+-----
Throwing       | 4 |  4.4
Dodging        | 2 3 4 5 |  5.5
Armour         | 1 2 3 4 5 6 7 8 |  8.2
Short Blades   | 1 2 3 5 7 8 9 10 11 | 11.3
Maces & Flails | 2 3 |  3.1
Invocations    | 1 2 4 6 7 8 |  8.5
Evocations     | 1 2 4 5 6 7 8 |  8.0
Fighting       | 3 4 5 6 7 8 |  8.3
Long Blades    | 1 2 |  2.3
Shields        | 1 2 3 4 6 7 8 9 |  9.3
Stealth        | 3 4 5 7 8 9 10 | 10.0

Action                   |  1- 3 |  4- 6 |  7- 9 | 10-12 | 13-15 || total
-------------------------+-------+-------+-------+-------+-------++-------
Melee: Short sword       |   135 |    54 |       |   712 |  1209 ||  2110
       Headbutt          |    13 |    22 |   104 |   217 |   270 ||   626
       Morningstar       |       |   121 |       |       |       ||   121
       Dagger            |       |    22 |   527 |   109 |       ||   658
       Falchion          |       |       |    78 |       |       ||    78
       Scimitar          |       |       |     7 |    22 |       ||    29
       Demon blade       |       |       |       |    40 |    42 ||    82
Throw: Javelin           |     6 |     4 |     6 |     3 |       ||    19
       Throwing net      |       |       |     4 |     1 |       ||     5
       Boomerang         |       |       |       |       |     3 ||     3
Invok: Heroism           |       |       |     3 |     3 |     1 ||     7
       Finesse           |       |       |       |     1 |     1 ||     2
Evoke: Wand              |       |    11 |     1 |    20 |    18 ||    50
       Phantom mirror    |       |       |       |     1 |     1 ||     2
  Use: Potion            |       |       |     2 |     5 |       ||     7
       Scroll            |       |       |    13 |     7 |     9 ||    29
 Stab: Paralysed         |       |     9 |       |     8 |     3 ||    20
       Sleeping          |       |       |     7 |    23 |    18 ||    48
       Distracted        |       |       |     1 |       |     5 ||     6
       Held in net/web   |       |       |     1 |       |       ||     1
       Invisible         |       |       |       |     1 |       ||     1
  Eat: Chunk             |     2 |     9 |    13 |    26 |    20 ||    70
       Ration            |       |       |     1 |     2 |     1 ||     4
Armor: Leather armour    |    16 |       |       |       |       ||    16
       Ring mail         |    32 |    15 |       |       |       ||    47
       Scale mail        |       |    89 |     4 |    57 |   255 ||   405
       Chain mail        |       |       |   177 |   124 |       ||   301
       Skin              |       |       |       |     1 |       ||     1
Dodge: Dodged            |   107 |   122 |   101 |   104 |   212 ||   646
Block: Other             |     7 |    41 |    23 |       |       ||    71
       Shield            |       |       |   279 |   634 |  1036 ||  1949
       Rpst.: Falchion   |       |       |     2 |       |       ||     2
       Demon blade       |       |       |       |       |     1 ||     1

Table legend:
 A = Non-vault XP
 B = Vault XP
 C = Vault XP percentage of total XP
 D = Non-vault monster count
 E = Vault monster count
 F = Vault count percentage of total count
                 A         B        C        D         E       F
            +---------+---------+-------+---------+---------+-------
      Total |   48751 |   30585 |  38.6 |     406 |     134 |  24.8
            +---------+---------+-------+---------+---------+-------
        D:1 |      48 |       0 |   0.0 |      24 |       0 |   0.0
        D:2 |      67 |      25 |  27.2 |      13 |       6 |  31.6
        D:3 |     121 |     150 |  55.4 |      34 |      17 |  33.3
        D:4 |     443 |     703 |  61.3 |      15 |       6 |  28.6
        D:5 |     441 |     980 |  69.0 |      10 |       7 |  41.2
        D:6 |     746 |       0 |   0.0 |      20 |       0 |   0.0
        D:7 |     788 |     118 |  13.0 |      21 |       1 |   4.5
        D:8 |     855 |     720 |  45.7 |      17 |       7 |  29.2
        D:9 |     777 |     884 |  53.2 |      12 |       1 |   7.7
       D:10 |     515 |    7673 |  93.7 |       8 |      17 |  68.0
       D:11 |    3848 |     899 |  18.9 |      38 |       3 |   7.3
       D:12 |     656 |     218 |  24.9 |       2 |       5 |  71.4
     Lair:1 |    3089 |    2385 |  43.6 |      13 |       3 |  18.8
     Lair:2 |    2777 |       0 |   0.0 |      13 |       0 |   0.0
     Lair:3 |    5879 |    1571 |  21.1 |      16 |       2 |  11.1
     Lair:4 |    5851 |    2595 |  30.7 |      30 |       3 |   9.1
     Lair:5 |    6047 |     794 |  11.6 |      24 |       4 |  14.3
     Lair:6 |    9481 |   10870 |  53.4 |      33 |      52 |  61.2
      Orc:1 |    6122 |       0 |   0.0 |      57 |       0 |   0.0
      Orc:2 |     200 |       0 |   0.0 |       6 |       0 |   0.0
            +---------+---------+-------+---------+---------+-------
